 Dungeon Crawl Stone Soup version 0.29-a0-323-g050149af67 (webtiles) character file.

Game seed: 15687319827922705164

728 bande the Chopper (level 7, -15/44 HPs)
             Began as a Gargoyle Fighter on Apr 11, 2022.
             Demolished by an ogre
             ... wielding a +0 giant club
              (18 damage)
             ... on level 4 of the Dungeon on Apr 12, 2022.
             The game lasted 00:07:06 (3733 turns).

bande the Chopper (Gargoyle Fighter)                Turns: 3733, Time: 00:07:07

Health: -15/44     AC: 15    Str: 19    XL:     7   Next: 72%
Magic:  7/7        EV:  7    Int:  9    God:
Gold:   190        SH:  4    Dex: 11    Spells: 6/6 levels left

rFire   . . .      SeeInvis .   a - +0 war axe
rCold   . . .      Faith    .   c - +0 buckler
rNeg    + . .      Spirit   .   p - +0 chain mail
rPois   ∞          Reflect  .   (no helmet)
rElec   +          Harm     .   (no cloak)
rCorr   .          Rampage  .   k - +0 pair of gloves
Will    .....                   (no boots)
Stlth   ..........              (no amulet)
HPRegen 0.14/turn               (no ring)
MPRegen 0.10/turn               (no ring)

@: mighty
A: sickness immunity, AC +4, negative energy resistance 1, electricity
resistance, torment resistance 1, petrification resistance
a: no special abilities


You were on level 4 of the Dungeon.
You visited 1 branch of the dungeon, and saw 4 of its levels.

You collected 190 gold pieces.

Inventory:

Hand Weapons
 a - a +0 war axe (weapon)
 g - a +2 flail of protection
Armour
 b - a +0 scale mail
 c - a +0 buckler (worn)
 k - a +0 pair of gloves (worn)
 p - a +0 chain mail (worn)
Wands
 j - a wand of acid (10)
Scrolls
 e - 3 scrolls of identify
 f - a scroll of teleportation
 o - a scroll of amnesia {unknown}
Potions
 h - a potion of magic
 i - a potion of berserk rage {unknown}
 l - 2 potions of invisibility
 m - 2 potions of flight
 n - 3 potions of brilliance {unknown}


   Skills:
 + Level 4.8 Fighting
 + Level 5.3 Axes
 + Level 5.1 Armour
 + Level 4.1 Shields
 * Level 2.2 Evocations


You had 6 spell levels left.
You didn't know any spells.
Your spell library contained the following spells:

 Spells                   Type           Power      Damage    Failure   Level
 Animate Armour           Summ/Erth      0%         N/A       100%        4
 Blade Hands              Tmut           0%         N/A       100%        5
 Iron Shot                Conj/Erth      0%         9d1       100%        6


Dungeon Overview and Level Annotations

Branches:
Dungeon (4/15)
 Temple: D:4-7

Altars:
Qazlal
Sif Muna

Annotations:
D:4 1 runed translucent door, Crazy Yiuf


Innate Abilities, Weirdness & Mutations

You are immune to sickness and miasma.
Your stone body is resilient. (AC +4)
You are immune to poison.
You resist negative energy. (rN+)
You are resistant to electric shocks. (rElec)
You are resistant to unholy torment.
You are immune to petrification.


Message History

You bump into the rock wall.
You hear some strange, mumbled words.
You are more confused.
You bump into the rock wall.
Something hits you but does no damage.
You barely miss something. Something hits you but does no damage.
You bump into the rock wall.
Something hits you but does no damage.
You miss something. Something hits you.
You bump into the rock wall.
Something hits you but does no damage.
You feel very mighty all of a sudden.
You hear some strange, mumbled words.
A puff of flame appears from out of thin air!
The puff of flame hits you!
* * * LOW HITPOINT WARNING * * *
You bump into the rock wall.
Something hits you but does no damage.
Unknown command.
You miss something.
Something hits you but does no damage. x2
You closely miss something. Something completely misses you.
You barely miss something.
You feel less confused. Something hits you but does no damage.
You miss something. Something hits you but does no damage.
You miss something.
Something hits you but does no damage. x2
You closely miss something. Something hits you but does no damage.
You miss something. Something hits you but does no damage.
Unknown command.
You slash something!
Something hits you but does no damage. x2
You barely miss something. Something hits you but does no damage.
You closely miss something.
An orc wizard appears from thin air!
Reactivating autopickup.
You block the orc wizard's attack.
You slice the orc wizard!!
You kill the orc wizard!
You slash the ogre!
The ogre is heavily wounded.
The ogre hits you with a +0 giant club!
* * * LOW HITPOINT WARNING * * *
You slash the ogre!
The ogre is severely wounded.
The ogre hits you with a +0 giant club!!
You die...

#### ##### ## ##...#
#...#######. #.....#
#........... .......
#......P.P.P
.......########...........
........O@................
#.....##########.P..._.P..
#.... #...P...... ....
#.P........ ...
#.P.......P )g #..........
. ##.......## #....#####
#....# #.


You could see an ogre.

Vanquished Creatures
  Sigmund (D:3)
  Edmund (D:4)
  An ogre (D:3)
  A black bear (D:4)
  A hound (D:4)
  An orc priest (D:4)
  2 iguanas
  An orc wizard (D:4)
  6 adders
  A shadow imp (D:4)
  3 worms
  9 orcs (D:4)
  4 endoplasms
  A giant cockroach (D:3)
  8 goblins
  6 hobgoblins
  4 jackals (D:1)
  4 kobolds
  5 quokkas
  4 ball pythons
  2 bats (D:3)
  A frilled lizard (D:1)
  8 rats
75 creatures vanquished.

Vanquished Creatures (others)
  21 plants (D:4)
21 creatures vanquished.

Grand Total: 96 creatures vanquished

Notes
Turn   | Place    | Note
-------+----------+-------------------------------------------
     0 | D:1      | bande the Gargoyle Fighter began the quest for the Orb.
     0 | D:1      | Reached XP level 1. HP: 14/14 MP: 1/1
    52 | D:1      | Reached XP level 2. HP: 14/19 MP: 2/2
   362 | D:1      | Found a faded altar of an unknown god.
   629 | D:1      | Reached XP level 3. HP: 23/24 MP: 3/3
  1117 | D:2      | Reached XP level 4. HP: 19/29 MP: 4/4
  2302 | D:3      | Reached XP level 5. HP: 33/33 MP: 5/5
  2571 | D:3      | Found a shimmering blue altar of Sif Muna.
  2759 | D:3      | Noticed Sigmund
  2776 | D:3      | Killed Sigmund
  2777 | D:3      | Reached skill level 1 in Evocations
  2777 | D:3      | Reached XP level 6. HP: 38/38 MP: 6/6
  3025 | D:4      | Noticed Edmund
  3059 | D:4      | Killed Edmund
  3060 | D:4      | Reached XP level 7. HP: 26/44 MP: 7/7
  3234 | D:4      | Found a runed translucent door.
  3235 | D:4      | Noticed Crazy Yiuf
  3414 | D:4      | Reached skill level 5 in Axes
  3414 | D:4      | Reached skill level 5 in Armour
  3534 | D:4      | Found a stormy altar of Qazlal.
  3733 | D:4      | Demolished by an ogre

Illustrated notes

Levels and vault maps discovered:
D:1:      psy_arrival_terrarium, layout_basic, shapermc_ecumenical_altar_petra
D:2:      layout_basic, kennysheep_generic_room_13
D:3:      layout_loops_ring, led_sif_book, uniq_sigmund
D:4:      layout_rooms, mainiacjoe_overflow_cross_hatched,
          kennysheep_generic_room_14, uniq_edmund, uniq_crazy_yiuf_cottage

Skill      XL: |  1  2  3  4  5  6  7 |
---------------+----------------------+-----
Axes           | 2 3 4 5 |  5.3
Armour         | 4 5 |  5.1
Fighting       | 4 |  4.8
Shields        | 4 |  4.1
Evocations     | 1 2 |  2.2

Action                   |  1- 3 |  4- 6 |  7- 9 || total
-------------------------+-------+-------+-------++-------
Melee: War axe           |   112 |   119 |    89 ||   320
  Use: Scroll            |     5 |     3 |       ||     8
       Potion            |       |     3 |     1 ||     4
Armor: Scale mail        |    61 |    62 |    35 ||   158
       Chain mail        |       |       |    28 ||    28
Dodge: Dodged            |    57 |    65 |    46 ||   168
Block: Buckler           |    28 |    21 |    18 ||    67

Table legend: (Time is in decaauts)
 A = Elapsed time spent in this place.
 B = Non-inter-level travel time spent in this place.
 C = Inter-level travel time spent in this place.
 D = Time resting spent in this place.
 E = Time spent auto-exploring this place.
 F = Levels seen in this place.
 G = Mean time per level.
                   A        B        C        D        E       F      G
               +--------+--------+--------+--------+--------+-----+--------+
         Total |   3852 |   3783 |     69 |      0 |   2875 |   4 |  963.0 |
       Dungeon |   3852 |   3783 |     69 |      0 |   2875 |   4 |  963.0 |
               +--------+--------+--------+--------+--------+-----+--------+

Top non-repeatable levels by time:
     D:2: 1363 daAuts
     D:3: 1023 daAuts
     D:4: 753 daAuts
     D:1: 711 daAuts
